 Dungeon Crawl Stone Soup version 0.30-a0-634-g8abc85282e (webtiles) character file.

Game seed: 11144748637786781839

7750 Armakuni the Destroyer (level 11, -6/68 HPs)
             Began as a Human Conjurer on Jan 14, 2023.
             Was a Follower of the Shining One.
             Mangled by a gargoyle
             ... wielding a +0 mace
              (10 damage)
             ... on level 10 of the Dungeon.
             The game lasted 00:28:19 (9543 turns).

Armakuni the Destroyer (Human Conjurer)             Turns: 9543, Time: 00:28:20

Health: -6/68      AC:  8    Str:  8    XL:     11   Next: 43%
Magic:  6/25       EV: 12    Int: 23    God:    the Shining One [*.....]
Gold:   463        SH:  0    Dex: 11    Spells: 8/30 levels left

rFire   . . .      SeeInvis .    a - staff of conjuration
rCold   . . .      Faith    .    (no shield)
rNeg    . . .      Spirit   .    x - +1 robe "Huromp" {rCorr}
rPois   .          Reflect  .    q - +0 hat
rElec   .          Harm     .    (no cloak)
rCorr   +          Rampage  .    z - +1 pair of gloves
Will    .....                    s - +2 pair of boots
Stlth   +                        (no amulet)
HPRegen 0.31/turn                K - ring of resist corrosion
MPRegen 0.19/turn                (no ring)

@: glowing, studying Polearms
A: no striking features
a: Renounce Religion, Divine Shield


You were on level 10 of the Dungeon.
You worshipped the Shining One.
The Shining One was aware of your devotion.
You visited 2 branches of the dungeon, and saw 11 of its levels.

You collected 463 gold pieces.

Inventory:

Armour
 q - a +0 hat (worn)
 s - a +2 pair of boots (worn)
 x - the +1 robe "Huromp" (worn) {rCorr}
   (You took it off an orc on level 5 of the Dungeon)

   rCorr:     It protects you from acid and corrosion.
 y - a +3 leather armour
 z - a +1 pair of gloves (worn)
Magical Staves
 a - a staff of conjuration (weapon)
Jewellery
 B - a +6 ring of strength
 K - a ring of resist corrosion (left hand)
Wands
 c - a wand of charming (4)
 p - a wand of polymorph (14)
 u - a wand of roots (5)
 v - a wand of quicksilver (2)
Scrolls
 d - 2 scrolls of identify
 f - 2 scrolls of amnesia
 l - a scroll of fear
 t - 2 scrolls of teleportation
 A - a scroll of blinking {unknown}
 C - a scroll of poison
 X - a scroll of brand weapon
Potions
 b - 4 potions of berserk rage
 e - 4 potions of curing
 g - 4 potions of might
 h - 2 potions of flight
 i - 4 potions of brilliance
 j - 3 potions of lignification
 k - a potion of haste
 m - 4 potions of attraction {unknown}
 n - a potion of cancellation {unknown}
 o - a potion of degeneration {unknown}
 r - 2 potions of invisibility {unknown}


   Skills:
 - Level 2.0 Dodging
 - Level 2.0 Stealth
 - Level 10.0 Spellcasting
 - Level 13.7 Conjurations
 + Level 1.1 Ice Magic
 + Level 1.0 Air Magic


You had 8 spell levels left.
You knew the following spells:

 Your Spells              Type           Power      Damage    Failure   Level
c - Freezing Cloud        Conj/Ice/Air   26%        6-21      19%         5
d - Dragon Form           Tmut           5%         N/A       100%        7
m - Iskenderun's Mystic   Conj/Tloc      59%        2d12      3%          4
p - Fulminant Prism       Conj/Hex       29%        3d14      3%          4
z - Searing Ray           Conj           100%       2d8       1%          2

Your spell library contained the following spells:

 Spells                   Type           Power      Damage    Failure   Level
 Magic Dart               Conj           100%       1d8       1%          1
 Shock                    Conj/Air       100%       1d9       1%          1
 Dazzling Flash           Conj/Hex       100%       N/A       1%          3
 Summon Small Mammal      Summ           44%        N/A       5%          1
 Frozen Ramparts          Ice            32%        1d5       11%         3
 Swiftness                Air            16%        N/A       11%         3
 Call Canine Familiar     Summ           11%        N/A       17%         3
 Spider Form              Tmut/Pois      11%        N/A       17%         3
 Summon Guardian Golem    Hex/Summ       11%        N/A       17%         3
 Airstrike                Air            8%         2d(2-18)  34%         4
 Ice Form                 Ice/Tmut       14%        N/A       41%         4
 Summon Ice Beast         Ice/Summ       14%        N/A       41%         4
 Petrify                  Tmut/Erth      11%        N/A       50%         4


Dungeon Overview and Level Annotations

Branches:
Dungeon (10/15)            Temple (1/1) D:6
   Lair: D:8-11         Orc: D:9-12

Altars:
Ashenzari
Cheibriados
Dithmenos
Elyvilon
Fedhas
Hepliaklqana
Kikubaaqudgha
Makhleb
Okawaru
Qazlal
Ru
Sif Muna
Uskayaw
Wu Jian
Xom
Yredelemnul
Zin
The Shining One

Shops:
D:8 *


Message History

Casting: Iskenderun's Mystic Blast (dangerous; 3% risk of failure)
Confirm with . or Enter, or press ? or * to list all spells.
You feel a surge of power!
You erupt in a blast of force!
The mystic blast hits the gargoyle but does no damage.
The gargoyle hits you with a +0 mace.
Aiming: Searing Ray (safe; 1% risk of failure)
Press: ? - help, Q - select action, (/) - cycle Shift-Dir - straight line, f - gargoyle
Aim: a gargoyle, wielding a +0 mace (haloed, 94% to hit)
You feel a surge of power!
The searing ray hits the gargoyle.
The gargoyle is lightly damaged. (Press . to maintain the ray.)
The gargoyle hits you with a +0 mace!
The searing ray hits the gargoyle but does no damage.
The gargoyle is lightly damaged.
The gargoyle hurls a stone arrow at you.
The stone arrow hits you!!
* * * LOW HITPOINT WARNING * * *
The searing ray misses the gargoyle.
The gargoyle hits you but does no damage.
Okay, then.
You feel much better.
The gargoyle hurls a stone arrow at you.
The stone arrow hits you!!
* * * LOW HITPOINT WARNING * * *
Okay, then.
Unknown command.
Casting: Searing Ray (safe; 1% risk of failure)
Confirm with . or Enter, or press ? or * to list all spells.
You feel a surge of power!
You erupt in a blast of force!
The mystic blast hits the gargoyle but does no damage.
The gargoyle is lightly damaged.
The gargoyle hits you with a +0 mace!
* * * LOW HITPOINT WARNING * * *
Casting: Iskenderun's Mystic Blast (dangerous; 3% risk of failure)
Confirm with . or Enter, or press ? or * to list all spells.
You feel a surge of power!
You erupt in a blast of force!
The mystic blast hits the gargoyle but does no damage.
The gargoyle is lightly damaged.
The gargoyle hits you with a +0 mace!
You die...

## .. ##+.+## ...
#+.....+###..
#.......#)#.#
#+.......9##.#####
#....8..@.##.....+
+.......+##.....########
#.......# #.....#.......
#+.....+###.###'#.......
##...## #..#....>......
#8...8###..#...........
...##...##....#...........
#...^........+....#######
.......#..##..#....'......


You could see a gargoyle.

Vanquished Creatures
  Gastronok (D:8)
  A cyclops (D:9)
  A troll (D:9)
  A shadow (D:9)
  15 yaks
  A water moccasin (D:6)
  Duvessa (D:5)
  A black bear (D:6)
  2 orc warriors
  3 sky beasts (D:7)
  4 ice beasts
  2 ogres (D:6)
  4 centaurs
  A bullfrog (D:9)
  A necrophage (D:4)
  A gnoll sergeant (D:9)
  2 scorpions
  7 wights (D:9)
  Dowan (D:4)
  2 howler monkeys (D:8)
  4 hounds
  2 gnoll boudas
  5 orc priests
  4 jellies
  Jessica (D:3)
  8 orc wizards
  Natasha (thrice) (D:2)
  3 iguanas
  16 gnolls
  7 adders
  A dart slug (D:2)
  3 worms
  29 orcs
  6 ball pythons
  3 endoplasms
  2 giant cockroaches (D:1)
  7 goblins
  5 hobgoblins
  2 quokkas (D:2)
  A bat (D:2)
  10 frilled lizards
  9 kobolds
  6 rats
189 creatures vanquished.

Vanquished Creatures (collateral kills)
  2 yaks
2 creatures vanquished.

Vanquished Creatures (others)
  A hornet (D:9)
  12 fulminant prisms
  4 fungi (D:2)
  6 plants (D:2)
23 creatures vanquished.

Grand Total: 214 creatures vanquished

Notes
Turn   | Place    | Note
-------+----------+-------------------------------------------
     0 | D:1      | Armakuni the Human Conjurer began the quest for the Orb.
     0 | D:1      | Reached XP level 1. HP: 13/13 MP: 3/3
   256 | D:1      | Reached XP level 2. HP: 11/19 MP: 3/5
   316 | D:1      | Learned a level 2 spell: Searing Ray
   760 | D:2      | Reached XP level 3. HP: 24/24 MP: 1/6
   875 | D:2      | Found a faded altar of an unknown god.
   880 | D:2      | Noticed Natasha
   902 | D:2      | Killed Natasha
   903 | D:2      | Reached XP level 4. HP: 30/30 MP: 3/8
  1037 | D:2      | Noticed Natasha
  1043 | D:2      | Killed Natasha
  1260 | D:2      | Reached skill level 5 in Conjurations
  1459 | D:2      | Learned a level 4 spell: Iskenderun's Mystic Blast
  1576 | D:4      | You fall into a shaft and drop 1 floor!
  1576 | D:5      | Entered Level 5 of the Dungeon
  1594 | D:5      | Reached XP level 5. HP: 35/35 MP: 5/10
  1636 | D:5      | Noticed Duvessa
  1636 | D:5      | Noticed Dowan
  1785 | D:4      | Reached XP level 6. HP: 41/41 MP: 0/11
  2160 | D:4      | Found a shadowy altar of Dithmenos.
  2160 | D:4      | Found a shimmering blue altar of Sif Muna.
  2194 | D:4      | Found a shimmering altar of Xom.
  2279 | D:3      | Noticed Jessica
  2297 | D:3      | Killed Jessica
  2298 | D:3      | Reached skill level 6 in Conjurations
  2599 | D:3      | Reached XP level 7. HP: 46/46 MP: 10/13
  2761 | D:4      | Learned a level 4 spell: Fulminant Prism
  2765 | D:4      | Found a broken altar of Ashenzari.
  3099 | D:5      | Reached skill level 5 in Spellcasting
  3275 | D:5      | Killed Duvessa
  3276 | D:5      | Reached skill level 7 in Conjurations
  3332 | D:4      | Killed Dowan
  3333 | D:4      | Reached XP level 8. HP: 52/52 MP: 11/16
  3531 | D:5      | Noticed a yak
  3531 | D:5      | Noticed a yak
  3531 | D:5      | Noticed a yak
  3532 | D:5      | Noticed a yak
  3535 | D:5      | Noticed a yak
  3540 | D:5      | Killed a yak
  3541 | D:5      | Killed a yak
  3542 | D:5      | Killed a yak
  3543 | D:5      | Reached skill level 8 in Conjurations
  3543 | D:5      | Killed a yak
  3549 | D:5      | Killed a yak
  3550 | D:5      | Reached XP level 9. HP: 33/57 MP: 1/19
  3665 | D:5      | Identified the +1 robe "Huromp" {rCorr}
  3834 | D:6      | Reached skill level 9 in Conjurations
  3888 | D:6      | Found a staircase to the Ecumenical Temple.
  3943 | Temple   | Entered the Ecumenical Temple
  3943 | Temple   | Found a transporter.
  3943 | Temple   | Found a transporter.
  3987 | Temple   | Found a transporter.
  3987 | Temple   | Found a transporter.
  4131 | D:5      | Found a burning altar of Makhleb.
  4636 | D:6      | Found an iron altar of Okawaru.
  5071 | D:7      | Reached skill level 10 in Conjurations
  5156 | D:7      | Reached XP level 10. HP: 63/63 MP: 14/22
  5589 | D:2      | Noticed Natasha
  5595 | D:2      | Killed Natasha
  6738 | D:8      | Found Jolot's Changing Room.
  6757 | D:8      | Reached skill level 11 in Conjurations
  6975 | D:8      | Reached skill level 10 in Spellcasting
  7335 | D:8      | Noticed Gastronok
  7437 | D:8      | Killed Gastronok
  7438 | D:8      | Reached skill level 12 in Conjurations
  7438 | D:8      | Reached XP level 11. HP: 49/68 MP: 17/25
  7945 | Temple   | Became a worshipper of the Shining One
  8661 | D:9      | Found a stormy altar of Qazlal.
  8734 | D:9      | Noticed a cyclops
  8745 | D:9      | Killed a cyclops
  8746 | D:9      | Reached skill level 13 in Conjurations
  9088 | D:9      | Got the Disquisition on Galvanic Reformation
  9097 | D:9      | Learned a level 7 spell: Dragon Form
  9103 | D:9      | Learned a level 5 spell: Freezing Cloud
  9116 | D:9      | Reached * piety under the Shining One
  9356 | D:9      | Reached skill level 1 in Ice Magic
  9356 | D:9      | Reached skill level 1 in Air Magic
  9494 | D:10     | Entered Level 10 of the Dungeon
  9542 | D:10     | HP: 3/68 [gargoyle/+0 mace (14)]
  9543 | D:10     | Mangled by a gargoyle

Illustrated notes

Levels and vault maps discovered:
D:1:      dpeg_arrival_stone_temple_mockup, layout_basic
D:2:      layout_basic, shapermc_ecumenical_altar_gd, minmay_lizard_king,
          uniq_natasha
D:3:      layout_basic, kennysheep_pointless_box, uniq_jessica
D:4:      layout_rooms, nicolae_ashenzari_skybound,
          mainiacjoe_overflow_cross_hatched, nicolae_overflow_two_pavilions,
          minmay_misc_feat_iff, minmay_cupped
D:5:      layout_basic, lightli_temple_of_fire, uniq_duvessa
D:6:      layout_cave_pools, kennysheep_okawaru_gauntlet, temple_doors_e,
          supply_closet_lemuel
D:7:      minmay_angry_zag, layout_cave_pools
D:8:      layout_cave_pools, nicolae_transmutations_shop, uniq_gastronok
D:9:      layout_irregular_city, kennysheep_mini_moat, roderic_serpentine_path
D:10:     cheibrodos_statue_roulette, layout_gridville,
          grunt_temple_overflow_opulence, amcnicky_altar_gilded,
          fiery_altar_vehumet, nicolae_diode_stairs, uniq_fannar
Temple:   hellmonk_temple_divided_pantheon

Skill      XL: |  1  2  3  4  5  6  7  8  9 10 11 |
---------------+----------------------------------+-----
Spellcasting   | 3 4 5 7 8 10 | 10.0
Conjurations   | 5 6 7 8 10 12 13 | 13.7
Ice Magic      | 1 |  1.1
Air Magic      | 1 |  1.0
Dodging        | |  2.0
Stealth        | |  2.0

Action                   |  1- 3 |  4- 6 |  7- 9 | 10-12 || total
-------------------------+-------+-------+-------+-------++-------
Melee: Staff             |    18 |     4 |     5 |    10 ||    37
 Cast: Magic Dart        |    14 |       |       |       ||    14
       Searing Ray       |     8 |    33 |    54 |    55 ||   150
       Fulminant Prism   |       |       |       |    12 ||    12
       Iskenderun's Myst |       |       |       |    21 ||    21
Evoke: Wand              |       |       |       |    12 ||    12
  Use: Scroll            |     2 |     6 |    10 |       ||    18
       Potion            |     2 |       |     1 |     1 ||     4
 Stab: Sleeping          |       |       |       |     1 ||     1
Armor: Robe              |     7 |     1 |    16 |    25 ||    49
       Skin              |       |       |     1 |       ||     1
Dodge: Dodged            |    20 |    11 |    40 |    47 ||   118

Table legend: (Time is in decaauts)
 A = Elapsed time spent in this place.
 B = Non-inter-level travel time spent in this place.
 C = Inter-level travel time spent in this place.
 D = Time resting spent in this place.
 E = Time spent auto-exploring this place.
 F = Levels seen in this place.
 G = Mean time per level.
                   A        B        C        D        E       F      G
               +--------+--------+--------+--------+--------+-----+--------+
         Total |   9634 |   8776 |    858 |   2627 |   3770 |  11 |  875.8 |
       Dungeon |   9523 |   8679 |    844 |   2627 |   3720 |  10 |  952.3 |
        Temple |    111 |     97 |     14 |      0 |     50 |   1 |  111.0 |
               +--------+--------+--------+--------+--------+-----+--------+

Top non-repeatable levels by time:
     D:9: 1621 daAuts
     D:6: 1213 daAuts
     D:8: 1094 daAuts
     D:2: 1083 daAuts
     D:7: 946 daAuts
     D:4: 933 daAuts
     D:5: 905 daAuts
     D:3: 890 daAuts
     D:1: 784 daAuts
  Temple: 111 daAuts
    D:10: 48 daAuts
